[Event "ICC tourney 2595 (40 10)"]
[Site "Internet Chess Club"]
[Date "2021.06.05"]
[Round "3"]
[White "KINKUS, SAM E:Grandslam34"]
[Black "Kale, Shubham:shubham07"]
[Result "1-0"]
[ICCResult "Black forfeits on time"]
[WhiteElo "565"]
[BlackElo "1178"]
[Opening "Robatsch (modern) defense"]
[ECO "B06"]
[NIC "KF.06"]
[Time "15:35:30"]
[PlyCount "97"]
[TimeControl "2400+10"]

1. e4 g6 2. Nf3 Bg7 3. d3 d6 4. g3 Nd7 5. Bg2 a6 6. c3 c5 7. Nbd2 Ngf6 8.
O-O O-O 9. Re1 Rb8 10. h4 b5 11. Nf1 a5 12. Rb1 b4 13. c4 Nb6 14. b3 Bd7
15. e5 dxe5 16. Nxe5 Qc7 17. Bf4 Qd8 18. Nxd7 Qxd7 19. Bxb8 Rxb8 20. Nh2 e6
21. Ng4 Nxg4 22. Qxg4 Qxd3 23. Qe2 Qxe2 24. Rxe2 Rd8 25. Rc1 a4 26. Rcc2 a3
27. Rcd2 Bd4 28. Kh2 Kg7 29. Re5 Rc8 30. Ree2 Nd7 31. f4 Nf6 32. Kh3 Nh5
33. Bf3 Nf6 34. g4 Rh8 35. g5 Nd7 36. Be4 Nb6 37. Kg4 Nd7 38. Bc6 Nb6 39.
Bf3 Nd7 40. h5 h6 41. hxg6 Kxg6 42. Be4+ f5+ 43. gxf6+ Kf7 44. f5 Nxf6+ 45.
Kf4 e5+ 46. Kf3 Nh5 47. Rg2 Nf4 48. Rg3 h5 49. Rh2 { Black forfeits on time
} 1-0

[Event "ICC tourney 2595 (40 10)"]
[Site "Internet Chess Club"]
[Date "2021.06.05"]
[Round "4"]
[White "PARK, JOSHUA:K05-16451732"]
[Black "KRISHNAN, ASHVATH:ashvathk5"]
[Result "0-1"]
[ICCResult "White checkmated"]
[WhiteElo "376"]
[BlackElo "1226"]
[Opening "Vienna game"]
[ECO "C28"]
[NIC "VG.02"]
[Time "17:47:22"]
[PlyCount "44"]
[TimeControl "2400+10"]

1. e4 e5 2. Nc3 Nf6 3. Bc4 Nc6 4. Qf3 Bc5 5. Nd5 Nxd5 6. Bxd5 O-O 7. Qh3 d6
8. Bxc6 Bxh3 9. Nxh3 bxc6 10. O-O Qf6 11. d3 Qg6 12. Be3 Bxe3 13. fxe3 f5
14. exf5 Rxf5 15. e4 Rh5 16. d4 Rxh3 17. dxe5 dxe5 18. Rfd1 Rh5 19. Rd7 Rg5
20. Rad1 Rxg2+ 21. Kf1 Rf8+ 22. Ke1 Qxe4# { White checkmated } 0-1

[Event "ICC tourney 2595 (40 10)"]
[Site "Internet Chess Club"]
[Date "2021.06.05"]
[Round "4"]
[White "ADUSUMALLI, ANIRUDH SAI:Anichess2009"]
[Black "DESHPANDE, SARTHAK YASHODHAN:King2012"]
[Result "0-1"]
[ICCResult "White resigns"]
[WhiteElo "895"]
[BlackElo "1457"]
[Opening "Sicilian"]
[ECO "B50"]
[NIC "SI.01"]
[Time "17:47:12"]
[PlyCount "46"]
[TimeControl "2400+10"]

1. e4 c5 2. Nf3 d6 3. Nc3 Nc6 4. Bc4 e6 5. d3 Nf6 6. Bg5 Be7 7. O-O h6 8.
Be3 O-O 9. h3 d5 10. exd5 exd5 11. Nxd5 Nxd5 12. Bd2 a6 13. a4 Nf6 14. Re1
Re8 15. Bc3 Nd4 16. b4 Nxf3+ 17. Qxf3 cxb4 18. Rxe7 Qxe7 19. Re1 Qf8 20.
Rxe8 Qxe8 21. Bxf6 gxf6 22. Qxf6 Be6 23. Bxe6 Qxe6 { White resigns } 0-1

[Event "ICC tourney 2595 (40 10)"]
[Site "Internet Chess Club"]
[Date "2021.06.05"]
[Round "4"]
[White "JOSHI, AADIT KRISHNA:adeetiey"]
[Black "SISTA, SAI VIJAY HIMAGHNA:Chessboy5"]
[Result "0-1"]
[ICCResult "White checkmated"]
[WhiteElo "179"]
[BlackElo "1135"]
[Opening "Sicilian: closed, 2...Nc6"]
[ECO "B23"]
[NIC "SI.44"]
[Time "17:47:10"]
[PlyCount "116"]
[TimeControl "2400+10"]

1. e4 c5 2. Nc3 Nc6 3. Nf3 g6 4. Ng5 Bg7 5. Qf3 Nf6 6. Bc4 O-O 7. O-O Ne5
8. Qe2 Nxc4 9. Qxc4 b6 10. Nd5 Bb7 11. Nxf6+ exf6 12. Qd3 fxg5 13. Qg3 Bxe4
14. d3 Bf5 15. Bxg5 f6 16. Bd2 Qb8 17. Qf3 Qc7 18. Qd5+ Be6 19. Qf3 f5 20.
Qh3 Bxb2 21. Qh6 Bg7 22. Qh4 Bf6 23. Qh6 Bxa1 24. Rxa1 Qe5 25. Re1 Qg7 26.
Qxg7+ Kxg7 27. Re3 f4 28. Rf3 Bg4 29. Rxf4 Rxf4 30. Bxf4 Re8 31. f3 Be6 32.
Be5+ Kf7 33. g4 Bxa2 34. Bc3 Bb1 35. Kg2 Bxc2 36. g5 Bxd3 37. Bf6 c4 38. h4
b5 39. Bc3 Ra8 40. Kg3 a5 41. Kf2 b4 42. Bd4 c3 43. Ke1 a4 44. Kd1 c2+ 45.
Kc1 b3 46. Bb2 a3 47. Ba1 b2+ 48. Bxb2 axb2+ 49. Kxb2 Rb8+ 50. Kc1 Rb1+ 51.
Kd2 c1=Q+ 52. Kxd3 Rb3+ 53. Ke4 Qe3+ 54. Kd5 Rd3+ 55. Kc4 Qd4+ 56. Kb5 Rb3+
57. Ka5 Qb6+ 58. Ka4 Qb5# { White checkmated } 0-1

[Event "ICC tourney 2595 (40 10)"]
[Site "Internet Chess Club"]
[Date "2021.06.05"]
[Round "4"]
[White "Xiao, Michael:michaelxiao"]
[Black "XUE, JACK:K03-17241051"]
[Result "1-0"]
[ICCResult "Black checkmated"]
[WhiteElo "1325"]
[BlackElo "825"]
[Opening "French: exchange variation"]
[ECO "C01"]
[NIC "FR.01"]
[Time "17:47:21"]
[PlyCount "57"]
[TimeControl "2400+10"]

1. e4 e6 2. d4 d5 3. exd5 exd5 4. Nf3 Nf6 5. Bd3 Bd6 6. Bg5 Bg4 7. h3 Bxf3
8. Qxf3 Be7 9. O-O O-O 10. Nd2 Nbd7 11. c3 c6 12. Rfe1 h6 13. Bh4 Re8 14.
Re2 Bd6 15. Rae1 Rxe2 16. Rxe2 Qc7 17. Bf5 Qa5 18. a3 Qa4 19. Nf1 Qa5 20.
g4 Qc7 21. g5 hxg5 22. Bxg5 Ne4 23. Bxe4 dxe4 24. Rxe4 c5 25. dxc5 Nxc5 26.
Rg4 g6 27. Rh4 Be5 28. Bf6 Ne6 29. Rh8# { Black checkmated } 1-0

[Event "ICC tourney 2595 (40 10)"]
[Site "Internet Chess Club"]
[Date "2021.06.05"]
[Round "4"]
[White "Nori, YOGA KAUSTHUBHA KRISHNA:Harithaananth"]
[Black "DHURJATI, ANAGHA:amdink"]
[Result "0-1"]
[ICCResult "White checkmated"]
[WhiteElo "1071"]
[BlackElo "1337"]
[Opening "Giuoco Pianissimo: Italian four knights variation"]
[ECO "C50"]
[NIC "IG.02"]
[Time "17:46:52"]
[PlyCount "60"]
[TimeControl "2400+10"]

1. e4 e5 2. Nf3 Nc6 3. Bc4 Bc5 4. Nc3 Nf6 5. d3 h6 6. Be3 Bxe3 7. fxe3 O-O
8. d4 exd4 9. exd4 Nxe4 10. Nxe4 d5 11. Bd3 dxe4 12. Bxe4 Re8 13. Qd3 f5
14. Qc4+ Kh8 15. O-O fxe4 16. Ne5 Nxe5 17. dxe5 Rxe5 18. Qb4 Bd7 19. Qc3
Rg5 20. g3 Bc6 21. Rad1 Qc8 22. Rf7 Qh3 23. Rd2 Re8 24. Rdf2 e3 25. Rf8+
Rxf8 26. Rxf8+ Kh7 27. Qd3+ Rg6 28. Qe2 Rd6 29. Rf1 Rd2 30. Qxe3 Qg2# {
White checkmated } 0-1

[Event "ICC tourney 2595 (40 10)"]
[Site "Internet Chess Club"]
[Date "2021.06.05"]
[Round "4"]
[White "KONDABATHINI, NAMISH:K05-16992657"]
[Black "GU, THOMAS:thomasguchess"]
[Result "1-0"]
[ICCResult "Black checkmated"]
[WhiteElo "1053"]
[BlackElo "639"]
[Opening "Vienna gambit"]
[ECO "C29"]
[NIC "VG.04"]
[Time "17:47:05"]
[PlyCount "99"]
[TimeControl "2400+10"]

1. e4 e5 2. Nc3 Nf6 3. f4 exf4 4. e5 Qe7 5. Qe2 d6 6. exf6 gxf6 7. Nf3 Bg4
8. Qxe7+ Bxe7 9. Be2 Nc6 10. d3 Bxf3 11. Bxf3 Nd4 12. Kd1 Nxf3 13. gxf3
O-O-O 14. Bxf4 f5 15. Kd2 Rde8 16. Rae1 Rhg8 17. Nd5 Rg2+ 18. Kc1 Kd7 19.
Rxe7+ Rxe7 20. Nxe7 Kxe7 21. Bg3 Re2 22. Re1 Rxe1+ 23. Bxe1 c5 24. b4 b6
25. Kb2 Ke6 26. bxc5 dxc5 27. Bg3 Kd5 28. Kc3 h5 29. Bb8 a6 30. a4 b5 31.
axb5 axb5 32. Bc7 b4+ 33. Kb3 Kd4 34. Bf4 f6 35. h4 Kd5 36. c3 bxc3 37.
Kxc3 Kc6 38. Kc4 Kb6 39. Be3 Kc6 40. Bxc5 Kd7 41. d4 Kc6 42. Kd3 Kd7 43.
Ke3 Ke6 44. Kf4 Kf7 45. Kxf5 Kg7 46. d5 Kf7 47. d6 Ke8 48. Ke6 Kd8 49. d7
f5 50. Bb6# { Black checkmated } 1-0

[Event "ICC tourney 2595 (40 10)"]
[Site "Internet Chess Club"]
[Date "2021.06.05"]
[Round "4"]
[White "GUERRERIO, CHRISTOPHER:K09-16206065"]
[Black "YAN, RAYNA:K01-30157975"]
[Result "1-0"]
[ICCResult "Black checkmated"]
[WhiteElo "530"]
[BlackElo "927"]
[Opening "QGA: 3.e4"]
[ECO "D20"]
[NIC "QG.04"]
[Time "17:47:12"]
[PlyCount "55"]
[TimeControl "2400+10"]

1. d4 d5 2. c4 dxc4 3. e4 c5 4. dxc5 Qxd1+ 5. Kxd1 Nf6 6. Nc3 Na6 7. Bxc4
Nxc5 8. f3 e5 9. Bg5 Be7 10. Nge2 h6 11. Bh4 O-O 12. Kc2 Re8 13. Bg3 Bd6
14. Bh4 g5 15. Bf2 Be6 16. Rhd1 Rad8 17. Bb5 Re7 18. Bxc5 a6 19. Ba4 b5 20.
Bb3 Bxb3+ 21. axb3 Ne8 22. Rxa6 Red7 23. Bxd6 Nxd6 24. Ng3 Kf8 25. Nh5 Nb7
26. Rxd7 Rxd7 27. Rxh6 Re7 28. Rh8# { Black checkmated } 1-0

[Event "ICC tourney 2595 (40 10)"]
[Site "Internet Chess Club"]
[Date "2021.06.05"]
[Round "4"]
[White "Maradana, Harsha:K05-30024511"]
[Black "BHOSALE, ARNAV:avbhosale"]
[Result "0-1"]
[ICCResult "White checkmated"]
[WhiteElo "361"]
[BlackElo "752"]
[Opening "Giuoco Pianissimo: Italian four knights variation"]
[ECO "C26"]
[NIC "VG.02"]
[Time "17:47:23"]
[PlyCount "92"]
[TimeControl "2400+10"]

1. e4 e5 2. Bc4 Nf6 3. Nc3 Bc5 4. Nf3 Nc6 5. d3 Bb4 6. O-O O-O 7. d4 exd4
8. Nxd4 Bxc3 9. Nxc6 bxc6 10. bxc3 Nxe4 11. Bd3 d5 12. f3 Nd6 13. Re1 Bf5
14. Bxf5 Nxf5 15. Bb2 Rb8 16. Rb1 Qd7 17. Qe2 Rfe8 18. Qf2 Rxe1+ 19. Qxe1
Qe6 20. Qxe6 fxe6 21. g4 Nd6 22. Kf1 Nc4 23. Ke1 Rxb2 24. Rxb2 Nxb2 25. Ke2
Nc4 26. Kf2 Kf7 27. Kg3 g5 28. h4 gxh4+ 29. Kxh4 Kg6 30. f4 Ne3 31. g5 Nxc2
32. a4 Ne3 33. a5 Nd1 34. a6 Nxc3 35. f5+ Kxf5 36. Kh5 d4 37. g6 hxg6+ 38.
Kh4 Kf4 39. Kh3 d3 40. Kh2 d2 41. Kg2 d1=Q 42. Kf2 Qe2+ 43. Kg1 Ne4 44. Kh1
Qf3+ 45. Kg1 Qf2+ 46. Kh1 Ng3# { White checkmated } 0-1

[Event "ICC tourney 2595 (40 10)"]
[Site "Internet Chess Club"]
[Date "2021.06.05"]
[Round "4"]
[White "Meredith, Robert J:RJblue"]
[Black "Lin, James:MeLikeGame"]
[Result "1-0"]
[ICCResult "Black checkmated"]
[WhiteElo "769"]
[BlackElo "1348"]
[Opening "Ruy Lopez: Caro variation"]
[ECO "C70"]
[NIC "RL.09"]
[Time "17:47:00"]
[PlyCount "125"]
[TimeControl "2400+10"]

1. e4 e5 2. Nf3 Nc6 3. Bb5 a6 4. Ba4 b5 5. Bb3 Nf6 6. O-O Bc5 7. Re1 O-O 8.
c3 d6 9. d4 Bb6 10. dxe5 dxe5 11. Qxd8 Rxd8 12. Bg5 h6 13. Bh4 Bb7 14. Bg3
Re8 15. a4 Na5 16. Bc2 Nc6 17. Na3 b4 18. Nc4 Ba7 19. Ncxe5 Nxe5 20. Bxe5
Bxf2+ 21. Kxf2 Ng4+ 22. Kf1 Nxe5 23. cxb4 Rad8 24. b5 Nxf3 25. gxf3 Rd2 26.
Re2 Red8 27. Ke1 R2d6 28. Rd1 Rxd1+ 29. Bxd1 axb5 30. axb5 Kf8 31. Rd2 Rd6
32. Rxd6 cxd6 33. Bb3 Ke7 34. Ke2 f6 35. Ke3 Kd7 36. Bd5 Kc7 37. Bxb7 Kxb7
38. Kd4 Kc7 39. Kd5 Kb6 40. Kxd6 Kxb5 41. Ke7 Kc4 42. Kf7 Kd4 43. b4 Kc4
44. Kxg7 Kxb4 45. Kxf6 Kc4 46. e5 Kd5 47. e6 h5 48. Kf7 h4 49. e7 Kd4 50.
e8=Q Kd3 51. Qe4+ Kc3 52. Qxh4 Kd3 53. Qe4+ Kc3 54. Qd5 Kb4 55. Qc6 Kb3 56.
Qc5 Ka4 57. Qb6 Ka3 58. Ke6 Ka4 59. Kd5 Ka3 60. Kc4 Ka2 61. h3 Ka1 62. Kc3
Ka2 63. Qb2# { Black checkmated } 1-0

[Event "ICC tourney 2595 (40 10)"]
[Site "Internet Chess Club"]
[Date "2021.06.05"]
[Round "4"]
[White "MADSEN, STUART:gmstuartscott"]
[Black "Zhang, Jerry:jerryjhzhang"]
[Result "0-1"]
[ICCResult "White checkmated"]
[WhiteElo "823"]
[BlackElo "717"]
[Opening "Grünfeld: modern exchange variation"]
[ECO "D90"]
[NIC "GI.07"]
[Time "17:47:11"]
[PlyCount "48"]
[TimeControl "2400+10"]

1. d4 Nf6 2. c4 g6 3. Nf3 Bg7 4. Nc3 d5 5. cxd5 Nxd5 6. e4 Nxc3 7. bxc3 c5
8. Bb5+ Nd7 9. O-O O-O 10. e5 cxd4 11. cxd4 e6 12. Ng5 a6 13. Bxd7 Bxd7 14.
Ne4 Bc6 15. Nf6+ Bxf6 16. exf6 Qxf6 17. Bh6 Rfd8 18. Qg4 Rxd4 19. f4 e5 20.
h4 exf4 21. h5 Rd2 22. Rad1 Rxg2+ 23. Kh1 Rxg4+ 24. Kh2 Qh4# { White
checkmated } 0-1

[Event "ICC tourney 2595 (40 10)"]
[Site "Internet Chess Club"]
[Date "2021.06.05"]
[Round "4"]
[White "HECHT, HENRY:Henhec1001"]
[Black "LIU, TYLER:Tiger2010"]
[Result "1-0"]
[ICCResult "Black checkmated"]
[WhiteElo "1365"]
[BlackElo "735"]
[Opening "English opening"]
[ECO "A15"]
[NIC "EO.52"]
[Time "17:47:22"]
[PlyCount "71"]
[TimeControl "2400+10"]

1. c4 Nf6 2. Nf3 g6 3. Nc3 d5 4. cxd5 Nxd5 5. e3 Nxc3 6. bxc3 Bg7 7. d4 c5
8. Bb5+ Nc6 9. O-O O-O 10. Ba3 b6 11. Bxc6 Rb8 12. dxc5 bxc5 13. Qxd8 Rxd8
14. Bxc5 Bxc3 15. Rac1 Bb2 16. Rcd1 Rxd1 17. Rxd1 Be6 18. h3 Rc8 19. Bd4
Bxd4 20. Nxd4 Bxa2 21. Ra1 Bc4 22. Rxa7 e5 23. Bb7 Rd8 24. Nc6 Rd6 25. Nxe5
Be6 26. f4 f6 27. Nf3 Kg7 28. Bc8+ Kg8 29. Bxe6+ Kf8 30. Nd4 g5 31. Ra8+
Kg7 32. Nf5+ Kg6 33. Nxd6 h6 34. Rg8+ Kh5 35. g3 f5 36. Bf7# { Black
checkmated } 1-0

[Event "ICC tourney 2595 (40 10)"]
[Site "Internet Chess Club"]
[Date "2021.06.05"]
[Round "4"]
[White "ZENG, CALEB:calebzeng"]
[Black "VESVAL, THOMAS:Goofymammoth"]
[Result "1-0"]
[ICCResult "Black resigns"]
[WhiteElo "946"]
[BlackElo "1245"]
[Opening "Old Benoni defense"]
[ECO "A43"]
[NIC "OI.09"]
[Time "17:47:20"]
[PlyCount "127"]
[TimeControl "2400+10"]

1. d4 c5 2. c3 cxd4 3. cxd4 Nf6 4. Nf3 e6 5. Nc3 Bb4 6. a3 Ba5 7. e3 Ne4 8.
Bd2 Nxc3 9. Bxc3 Bxc3+ 10. bxc3 Qc7 11. Be2 Qxc3+ 12. Kf1 b6 13. Rc1 Qxa3
14. Rxc8+ Ke7 15. Rxh8 a5 16. Rxh7 Nc6 17. Ne5 Rc8 18. Rxg7 Nxe5 19. dxe5
Rc1 20. Rg4 Rxd1+ 21. Bxd1 Qd3+ 22. Ke1 b5 23. Rd4 Qc3+ 24. Ke2 a4 25. Bxa4
bxa4 26. Rhd1 Qc6 27. Rxd7+ Qxd7 28. Rxd7+ Kxd7 29. Kd2 Kc6 30. Kc3 Kd5 31.
h4 Kxe5 32. g4 f5 33. g5 Kd6 34. f4 Ke7 35. h5 Kf7 36. Kb4 a3 37. Kxa3 Kg7
38. Kb4 Kf7 39. Kc5 Kg7 40. Kd6 Kf7 41. g6+ Kf6 42. g7 Kxg7 43. Kxe6 Kh6
44. Kxf5 Kxh5 45. e4 Kh6 46. e5 Kg7 47. e6 Kf8 48. Ke5 Ke7 49. f5 Kf8 50.
f6 Ke8 51. f7+ Ke7 52. Kf5 Kf8 53. Kg6 Ke7 54. Kg7 Kxe6 55. f8=Q Ke5 56.
Qf6+ Ke4 57. Qg5 Kf3 58. Qh4 Kg2 59. Kf6 Kf3 60. Kf5 Ke3 61. Qe4+ Kf2 62.
Qd3 Ke1 63. Qc2 Kf1 64. Kf4 { Black resigns } 1-0

[Event "ICC tourney 2595 (40 10)"]
[Site "Internet Chess Club"]
[Date "2021.06.05"]
[Round "4"]
[White "NAMBIAR, AARAV THILOP:AaravThilop"]
[Black "Lee, Shan:Shanlee"]
[Result "1-0"]
[ICCResult "Black checkmated"]
[WhiteElo "1450"]
[BlackElo "896"]
[Opening "Evans gambit declined"]
[ECO "C51"]
[NIC "IG.05"]
[Time "17:47:18"]
[PlyCount "53"]
[TimeControl "2400+10"]

1. e4 e5 2. Nf3 Nc6 3. Bc4 Bc5 4. b4 Bb6 5. c3 Nf6 6. d3 O-O 7. b5 Na5 8.
Bg5 Nxc4 9. dxc4 d6 10. Nbd2 h6 11. Bh4 Bg4 12. O-O c6 13. Re1 Re8 14. h3
Bh5 15. Qb3 Qe7 16. a4 a5 17. bxc6 Qc7 18. cxb7 Qxb7 19. Rab1 Ra6 20. Bxf6
Bxf3 21. Nxf3 gxf6 22. Nh4 Rb8 23. Qa2 Qd7 24. Nf5 Kh7 25. Qd2 Rd8 26.
Qxh6+ Kg8 27. Qg7# { Black checkmated } 1-0

[Event "ICC tourney 2595 (40 10)"]
[Site "Internet Chess Club"]
[Date "2021.06.05"]
[Round "4"]
[White "SIAMWALLA, ALVIN:cappyal"]
[Black "SENTHILKUMAR, PRAJITH:K06-17013203"]
[Result "1-0"]
[ICCResult "Black checkmated"]
[WhiteElo "896"]
[BlackElo "362"]
[Opening "Four knights: Italian variation"]
[ECO "C47"]
[NIC "KP.06"]
[Time "17:47:22"]
[PlyCount "67"]
[TimeControl "2400+10"]

1. e4 e5 2. Nf3 Nc6 3. Nc3 Nf6 4. Bc4 Qe7 5. Nd5 Nxd5 6. Bxd5 Nb4 7. Bc4
Qc5 8. d3 b5 9. Bb3 Ba6 10. Be3 Qd6 11. a3 Nc6 12. Ng5 b4 13. Nxf7 Qe7 14.
Nxh8 bxa3 15. bxa3 O-O-O 16. Nf7 Re8 17. Ng5 Qf6 18. Nxh7 Bb4+ 19. axb4 Qd6
20. Rxa6 Qxb4+ 21. Bd2 Qd4 22. Ng5 Nb4 23. c3 Nxd3+ 24. Ke2 Qxf2+ 25. Kxd3
Rf8 26. Nf3 Kb7 27. Qa1 Qxg2 28. Rxa7+ Kc6 29. Bd5+ Kc5 30. Qa5+ Kd6 31.
Qb4+ c5 32. Ra6+ Kc7 33. Qb6+ Kc8 34. Ra8# { Black checkmated } 1-0

[Event "ICC tourney 2595 (40 10)"]
[Site "Internet Chess Club"]
[Date "2021.06.05"]
[Round "4"]
[White "KINKUS, SAM E:Grandslam34"]
[Black "PEESA, RAHUL:RahulPeesa"]
[Result "1-0"]
[ICCResult "Black resigns"]
[WhiteElo "565"]
[BlackElo "1341"]
[Opening "Caro-Kann: closed (Breyer) variation"]
[ECO "B10"]
[NIC "CK.01"]
[Time "17:47:06"]
[PlyCount "52"]
[TimeControl "2400+10"]

1. e4 c6 2. d3 d5 3. Nd2 dxe4 4. dxe4 Nf6 5. Ngf3 Bg4 6. Bc4 e6 7. O-O Bc5
8. Re1 Qb6 9. Qe2 O-O 10. Nb3 Bd6 11. e5 Bxf3 12. Qxf3 Qb4 13. Qc3 Nd5 14.
Bxd5 cxd5 15. exd6 Qxd6 16. Qg3 Qc6 17. Bh6 g6 18. Bxf8 Kxf8 19. Qc3 Qd7
20. Rad1 Nc6 21. Qh8+ Ke7 22. Qxa8 Nb4 23. Re2 Qb5 24. Rdd2 Nxa2 25. Qxa7
Nb4 26. Qc5+ Qxc5 { Black resigns } 1-0

[Event "ICC tourney 2595 (40 10)"]
[Site "Internet Chess Club"]
[Date "2021.06.05"]
[Round "4"]
[White "AUTRY, BRUCE CLEVELAND:Celtruler"]
[Black "Rai, Vedant:VedantRai"]
[Result "0-1"]
[ICCResult "White checkmated"]
[WhiteElo "1097"]
[BlackElo "764"]
[Opening "Petrov's defense"]
[ECO "C42"]
[NIC "RG.01"]
[Time "17:47:22"]
[PlyCount "112"]
[TimeControl "2400+10"]

1. e4 e5 2. Nf3 Nf6 3. d3 Nc6 4. Be2 Bc5 5. O-O d6 6. Be3 Bxe3 7. fxe3 Ng4
8. h3 Nxe3 9. Qd2 Nxf1 10. Bxf1 h6 11. Nc3 Qf6 12. Qf2 Nd4 13. Nd5 Nxf3+
14. Qxf3 Qxf3 15. gxf3 Kd8 16. f4 c6 17. Nc3 exf4 18. Kf2 Be6 19. Kf3 g5
20. Ne2 d5 21. e5 Ke7 22. d4 Rac8 23. c3 c5 24. dxc5 Rxc5 25. Nd4 a6 26.
Nb3 Rc7 27. Na5 h5 28. Nb3 g4+ 29. Ke2 g3 30. Nd4 Rg8 31. Bg2 h4 32. Kf3 b5
33. Kxf4 Rc4 34. Kf3 b4 35. Rc1 bxc3 36. bxc3 Rgc8 37. Ne2 Bd7 38. Bf1 Be6
39. Nf4 Rxc3+ 40. Rxc3 Rxc3+ 41. Kg2 Ra3 42. Be2 Rxa2 43. Kf3 a5 44. Nd3
Bxh3 45. Nf4 Be6 46. Nd3 Bg4+ 47. Kxg4 Rxe2 48. Kf3 Rh2 49. Nf4 Rf2+ 50.
Kg4 Rxf4+ 51. Kxf4 g2 52. Kg4 g1=Q+ 53. Kxh4 Ke6 54. Kh3 Kf5 55. e6 fxe6
56. Kh4 Qg4# { White checkmated } 0-1

[Event "ICC tourney 2595 (40 10)"]
[Site "Internet Chess Club"]
[Date "2021.06.05"]
[Round "4"]
[White "YIN, HAOXUAN:haoxuanyin"]
[Black "Maddipati, Srihas:srihassm"]
[Result "1-0"]
[ICCResult "Black checkmated"]
[WhiteElo "776"]
[BlackElo "750"]
[Opening "Ruy Lopez: Möller defense"]
[ECO "C78"]
[NIC "RL.12"]
[Time "17:47:19"]
[PlyCount "57"]
[TimeControl "2400+10"]

1. e4 e5 2. Nf3 Nc6 3. Bb5 a6 4. Ba4 Nf6 5. O-O Bc5 6. c3 O-O 7. d4 exd4 8.
cxd4 Ba7 9. e5 Nd5 10. Nc3 Nce7 11. Nxd5 Nxd5 12. Bc2 d6 13. Bg5 Qd7 14.
Qd3 f5 15. Bb3 Qf7 16. exd6 cxd6 17. Rfe1 b5 18. Be7 Re8 19. Ng5 Be6 20.
Nxf7 Bxf7 21. Qxf5 g6 22. Qf3 Kh8 23. Bxd5 Bxd5 24. Bf6+ Kg8 25. Qxd5+ Kf8
26. Qxd6+ Kg8 27. Re7 Rad8 28. Qe6+ Kf8 29. Qf7# { Black checkmated } 1-0

[Event "ICC tourney 2595 (40 10)"]
[Site "Internet Chess Club"]
[Date "2021.06.05"]
[Round "4"]
[White "Chang, Linda:BairnOwl"]
[Black "KALAGA, ASHISH:amazingashishk"]
[Result "1-0"]
[ICCResult "Black resigns"]
[WhiteElo "1354"]
[BlackElo "1165"]
[Opening "Sicilian: Grand Prix attack"]
[ECO "B23"]
[NIC "SI.44"]
[Time "17:46:55"]
[PlyCount "41"]
[TimeControl "2400+10"]

1. e4 c5 2. Nc3 Nc6 3. f4 d6 4. Nf3 Bg4 5. h3 Bxf3 6. Qxf3 Nd4 7. Qd1 Nf6
8. Bc4 g6 9. O-O Bg7 10. e5 Nh5 11. Kh2 O-O 12. g4 dxe5 13. gxh5 exf4 14.
hxg6 hxg6 15. Qg4 f3 16. Qxg6 e6 17. Qg4 Qd6+ 18. Kh1 Qc6 19. Rf2 Nxc2 20.
d3 a6 21. Bh6 { Black resigns } 1-0

[Event "ICC tourney 2595 (40 10)"]
[Site "Internet Chess Club"]
[Date "2021.06.05"]
[Round "4"]
[White "KORLIMARLA, ANISH:Anishkor"]
[Black "DEBMISRA, ARIV:arivdeb"]
[Result "0-1"]
[ICCResult "White checkmated"]
[WhiteElo "1338"]
[BlackElo "761"]
[Opening "Scandinavian: Marshall variation"]
[ECO "B01"]
[NIC "SD.03"]
[Time "17:47:18"]
[PlyCount "52"]
[TimeControl "2400+10"]

1. e4 d5 2. exd5 Nf6 3. d4 Nxd5 4. c4 Nf6 5. Nc3 Nc6 6. Nf3 Bg4 7. h3 Bxf3
8. Qxf3 Nxd4 9. Qd1 e5 10. Bg5 Bc5 11. Nd5 Be7 12. Nxf6+ Bxf6 13. Bxf6 Qxf6
14. Qa4+ Nc6 15. O-O-O O-O 16. Kb1 a6 17. Bd3 b5 18. cxb5 axb5 19. Qe4 g6
20. Rc1 Nd4 21. Rxc7 Qe6 22. b3 Qa6 23. a4 Nxb3 24. Qxe5 Qxa4 25. Kb2 b4
26. Re1 Qa2# { White checkmated } 0-1

[Event "ICC tourney 2595 (40 10)"]
[Site "Internet Chess Club"]
[Date "2021.06.05"]
[Round "4"]
[White "SARAVANAN, ARJUN:arjunsaravanan"]
[Black "Sun, Nathan Haojia:nathansun123"]
[Result "1-0"]
[ICCResult "Black checkmated"]
[WhiteElo "1152"]
[BlackElo "794"]
[Opening "English: Anglo-Grünfeld defense"]
[ECO "A16"]
[NIC "EO.64"]
[Time "17:47:21"]
[PlyCount "65"]
[TimeControl "2400+10"]

1. c4 Nf6 2. Nc3 d5 3. d4 dxc4 4. e3 g6 5. Bxc4 Bg7 6. Nf3 Nc6 7. O-O O-O
8. Qc2 e6 9. b3 Na5 10. Bd3 Nc6 11. Bb2 Nd7 12. a3 e5 13. dxe5 Ndxe5 14.
Nxe5 Bxe5 15. Rad1 Qh4 16. h3 Bg7 17. Ne4 f5 18. Bc4+ Kh8 19. Bxg7+ Kxg7
20. Qc3+ Kh6 21. Ng3 Re8 22. Bb5 Re6 23. Bxc6 Rxc6 24. Qh8 Qf6 25. Qg8 Rd6
26. Rc1 Rd8 27. Qc4 c6 28. Rfd1 Be6 29. Qb4 Rxd1+ 30. Rxd1 Rb8 31. Qf4+ Qg5
32. Qxb8 Bxb3 33. Qf8# { Black checkmated } 1-0

[Event "ICC tourney 2595 (40 10)"]
[Site "Internet Chess Club"]
[Date "2021.06.05"]
[Round "4"]
[White "KNAPP, DANIEL:trawglodyte"]
[Black "Zong, Ivan:ivanzong"]
[Result "0-1"]
[ICCResult "White checkmated"]
[WhiteElo "1198"]
[BlackElo "1300"]
[Opening "French: advance, Euwe variation"]
[ECO "C02"]
[NIC "FR.03"]
[Time "17:47:07"]
[PlyCount "74"]
[TimeControl "2400+10"]

1. e4 e6 2. d4 d5 3. e5 c5 4. c3 Nc6 5. Nf3 Bd7 6. Be3 Qb6 7. b3 f6 8. Na3
cxd4 9. cxd4 Bxa3 10. Qd3 Bb4+ 11. Bd2 fxe5 12. Nxe5 Qxd4 13. Qxd4 Nxd4 14.
Bd3 Bxd2+ 15. Kxd2 Nf6 16. Rac1 O-O 17. g4 Be8 18. f3 Rd8 19. a4 Nxb3+ 20.
Kd1 Nxc1 21. Kxc1 Bxa4 22. h4 Rc8+ 23. Kd2 Nd7 24. Nxd7 Bxd7 25. Ke3 Rc3
26. Rf1 Bb5 27. Rd1 Bxd3 28. Rxd3 Rxd3+ 29. Kxd3 Rxf3+ 30. Kd4 a5 31. Ke5
a4 32. Kxe6 a3 33. Kxd5 a2 34. Kd6 a1=Q 35. Kc7 Qc1+ 36. Kxb7 Rb3+ 37. Ka6
Qa3# { White checkmated } 0-1

[Event "ICC tourney 2595 (40 10)"]
[Site "Internet Chess Club"]
[Date "2021.06.05"]
[Round "4"]
[White "HOSUR, SANMITA:phosur"]
[Black "WONG, KATE:AmazingKW"]
[Result "1-0"]
[ICCResult "Black checkmated"]
[WhiteElo "1248"]
[BlackElo "430"]
[Opening "Giuoco Piano"]
[ECO "C54"]
[NIC "IG.02"]
[Time "17:46:55"]
[PlyCount "69"]
[TimeControl "2400+10"]

1. e4 e5 2. Nf3 Nc6 3. Bc4 Bc5 4. c3 Nf6 5. d3 d5 6. exd5 Nxd5 7. O-O O-O
8. Re1 Nb6 9. Bb5 f6 10. Bxc6 bxc6 11. Be3 Bxe3 12. fxe3 Bf5 13. e4 Bg6 14.
Nh4 Bf7 15. Nf5 Be6 16. Rf1 Bxf5 17. Rxf5 g6 18. Rf3 Qd7 19. Na3 Rad8 20.
Nc2 f5 21. exf5 Rxf5 22. Rxf5 Qxf5 23. d4 exd4 24. Nxd4 Qd5 25. Qg4 Re8 26.
Qf4 Qd7 27. Qf6 c5 28. Nb3 c4 29. Nd4 Rf8 30. Qh4 c5 31. Nf3 Qd3 32. Qh6
Qc2 33. Re1 Qxb2 34. Re7 Qxc3 35. Qxh7# { Black checkmated } 1-0